 Dungeon Crawl Stone Soup version 0.22-a0-799-g88f5e907b7 (webtiles) character file.

261 Htamos the Ruffian (level 6, -2/56 HPs)
             Began as a Ghoul Monk on July 21, 2018.
             Slain by a gnoll (6 damage)
             ... on level 2 of the Dungeon.
             The game lasted 00:04:46 (1821 turns).

Htamos the Ruffian (Ghoul Monk)                     Turns: 1821, Time: 00:04:47

Health: -2/56      AC:  2    Str: 17    XL:     6   Next: 18%
Magic:  0/5        EV: 12    Int: 10    God:
Gold:   132        SH:  0    Dex: 11    Spells: 5/5 levels left

rFire    . . .     SeeInvis .     - Unarmed
rCold    + . .     Gourm    .   (no shield)
rNeg     + + +     Faith    .   a - +0 robe
rPois    ∞         Spirit   +   (no helmet)
rElec    .         Reflect  .   (no cloak)
rCorr    .         Harm     .   (no gloves)
MR       .....                  (no boots)
Stlth    ++........             g - amulet of guardian spirit
HPRegen  0.00/turn              (no ring)
MPRegen  0.09/turn              (no ring)

@: brilliant, about to teleport, rotting
A: rotting body, claws 1, carnivore, cold resistance 1, negative energy
resistance 3, inhibited regeneration, torment resistance, unbreathing
a: no special abilities


You were on level 2 of the Dungeon.
You were not hungry.

You visited 1 branch of the dungeon, and saw 3 of its levels.

You collected 132 gold pieces.

Inventory:

Armour
 a - a +0 robe (worn)
Jewellery
 g - an amulet of guardian spirit (around neck)
Scrolls
 c - 2 scrolls of identify
 d - a scroll of immolation
 e - 3 scrolls of teleportation
 h - 2 scrolls of random uselessness
 i - a scroll of fog
Comestibles
 b - 5 rations


   Skills:
 * Level 5.3 Fighting
 - Level 2.6 Dodging
 + Level 3.8 Stealth
 * Level 5.3 Unarmed Combat


You had 5 spell levels left.
You didn't know any spells.
Your spell library was empty.

Dungeon Overview and Level Annotations

Branches:
Dungeon (3/15)

Altars:
Nemelex Xobeh


Innate Abilities, Weirdness & Mutations

Your body is rotting away.
You thrive on raw meat.
You are immune to poison.
You have sharp fingernails.
You are carnivorous and can eat meat at any time.
Your flesh is cold resistant. (rC+)
You are immune to negative energy. (rN+++)
You do not regenerate when monsters are visible.
You are immune to unholy pain and torment.
You can survive without breathing.


Message History

The adder is heavily wounded.
The gnoll hits you but does no damage. The adder bites you but does no damage.
You closely miss the adder.
The adder is heavily wounded.
The adder bites you.
* * * LOW HITPOINT WARNING * * *
The gnoll completely misses you.
It was a potion of brilliance.
You feel clever all of a sudden. The adder closely misses you.
The gnoll hits you.
* * * LOW HITPOINT WARNING * * *
The adder completely misses you.
As you read the scroll of teleportation, it crumbles to dust.
You feel strangely unstable. The gnoll hits you but does no damage.
The adder misses you.
You scratch the gnoll.
The gnoll is moderately wounded.
The adder closely misses you. The gnoll hits you!
* * * LOW MAGIC WARNING * * *
You die...

#..........#...#....###...# #
#..........###.#........#.#####
#..........###.................
#..........)...................
#..........###.#....#######....
#..........# #.#....# #..#.
#..........# #.#....# ###..#.
#..........###S###..#####......
#...........##@# #.............
###########..#g###...###.......
##.#...#..###..#####.
#..........)..#.....
####.......#....##.....
#...#.........####.....
#...#...........#.....#
#......................
#....####............<.


You could see a gnoll and an adder.

Vanquished Creatures
  Sigmund (D:2)
  A worker ant (D:3)
  2 adders (D:2)
  2 oozes (D:2)
  A worm (D:2)
  2 dart slugs (D:2)
  8 bats
  5 giant cockroaches
  3 goblins (D:2)
  9 hobgoblins
  2 quokkas (D:2)
  A frilled lizard (D:1)
  7 kobolds
  6 rats
50 creatures vanquished.

Notes
Turn   | Place    | Note
-------+----------+-------------------------------------------
     0 | D:1      | Htamos the Ghoul Monk began the quest for the Orb.
     0 | D:1      | Reached XP level 1. HP: 19/19 MP: 0/0
   151 | D:1      | Reached XP level 2. HP: 26/26 MP: 1/1
   584 | D:1      | Reached XP level 3. HP: 25/33 MP: 2/2
  1141 | D:2      | Reached XP level 4. HP: 30/40 MP: 3/3
  1258 | D:2      | Found a sparkling altar of Nemelex Xobeh.
  1294 | D:2      | Noticed Sigmund
  1335 | D:2      | Killed Sigmund
  1335 | D:2      | Reached skill level 5 in Fighting
  1335 | D:2      | Reached skill level 5 in Unarmed Combat
  1335 | D:2      | Reached XP level 5. HP: 18/48 MP: 0/4
  1337 | D:2      | Reached XP level 6. HP: 15/56 MP: 0/5
  1821 | D:2      | Slain by a gnoll

Vault maps used:
D:1:      minmay_arrival_arboretum_large, st_stairs_14, minmay_misc_feat_tiny,
          minmay_close_crescents
D:2:      corexii_item_surrounded_by_moat, nemelex_altar_shiori, uniq_sigmund
D:3:      first_ration, cheibrodos_gnoll_hut

Skill      XL: |  1  2  3  4 |
---------------+-------------+-----
Fighting       | 4 5 |  5.3
Unarmed Combat | 4 5 |  5.3
Stealth        | 3 |  3.8
Dodging        | |  2.6

Action                   |  1- 3 |  4- 6 || total
-------------------------+-------+-------++-------
Melee: Unarmed           |   118 |    60 ||   178
       Punch             |     3 |       ||     3
  Use: Scroll            |       |     7 ||     7
       Potion            |       |     3 ||     3
 Stab: Sleeping          |     3 |     1 ||     4
  Eat: Chunk             |    18 |    16 ||    34
Armor: Robe              |    27 |    10 ||    37
Dodge: Dodged            |    94 |    39 ||   133

Table legend:
 A = Spawn XP
 B = Non-spawn XP
 C = Spawn XP percentage of total XP
 D = Spawn monster count
 E = Non-spawn monster count
 F = Spawn count percentage of total count
 G = Total turns spent on level
                    A         B        C        D         E        F      G
               +---------+---------+-------+---------+---------+-------+---------
         Total |       0 |     373 |   0.0 |       0 |      50 |   0.0 |  1821
               +---------+---------+-------+---------+---------+-------+---------
           D:1 |       0 |      38 |   0.0 |       0 |      25 |   0.0 |   929
           D:2 |       0 |     297 |   0.0 |       0 |      21 |   0.0 |   774
           D:3 |       0 |      38 |   0.0 |       0 |       4 |   0.0 |   118
               +---------+---------+-------+---------+---------+-------+---------
